 Dungeon Crawl Stone Soup version 0.23.1-37-gaa34b87 (webtiles) character file.

Game seed: 14994460328332281456

885 Iflex the Spear-Bearer (level 8, -3/58 HPs)
             Began as a Merfolk Gladiator on Mar 21, 2019.
             Slain by a centaur skeleton (4 damage)
             ... on level 6 of the Dungeon.
             The game lasted 00:14:04 (5708 turns).

Iflex the Spear-Bearer (Merfolk Gladiator)          Turns: 5708, Time: 00:14:05

Health: -3/58      AC:  4    Str: 16    XL:     8   Next: 5%
Magic:  8/8        EV: 15    Int:  7    God:
Gold:   231        SH:  0    Dex: 16    Spells: 7/7 levels left

rFire    . . .     SeeInvis .   a - +0 trident
rCold    . . .     Gourm    .   (no shield)
rNeg     . . .     Faith    .   b - +0 leather armour
rPois    .         Spirit   .   c - +0 helmet
rElec    .         Reflect  .   (no cloak)
rCorr    .         Harm     .   (no gloves)
MR       +....                  (no boots)
Stlth    ++........             (no amulet)
HPRegen  0.19/turn              k - ring of protection from magic
MPRegen  0.11/turn              r - ring of stealth

@: no status effects
A: change form in water, swift swim, stealthy swim
a: no special abilities


You were on level 6 of the Dungeon.
You were not hungry.

You visited 1 branch of the dungeon, and saw 6 of its levels.

You collected 231 gold pieces.

Inventory:

Hand Weapons
 a - a +0 trident (weapon)
Missiles
 x - 3 throwing nets
 y - 2 tomahawks (quivered)
Armour
 b - a +0 leather armour (worn)
 c - a +0 helmet (worn)
Jewellery
 i - a -3 ring of strength
 k - a ring of protection from magic (left hand)
 r - a ring of stealth (right hand)
Wands
 u - a wand of iceblast (7)
 w - a wand of flame (28)
Scrolls
 f - a scroll of magic mapping {unknown}
 l - a scroll of remove curse
 m - a scroll of teleportation
 q - 2 scrolls of immolation
 t - a scroll of enchant armour {unknown}
Potions
 d - a potion of might {unknown}
 e - 2 potions of mutation
 g - a potion of resistance
 h - 3 potions of degeneration
 j - a potion of lignification
 n - a potion of agility {unknown}
 o - a potion of heal wounds {unknown}
 s - a potion of magic
Comestibles
 p - 7 rations


   Skills:
 + Level 3.3 Fighting
 * Level 10.7 Polearms
 + Level 3.0 Throwing
 + Level 2.2 Armour
 + Level 5.3 Dodging
 + Level 0.4 Evocations


You had 7 spell levels left.
You didn't know any spells.
Your spell library was empty.

Dungeon Overview and Level Annotations

Branches:
Dungeon (6/15)             Temple (0/1) D:4

Altars:
Elyvilon
Okawaru
Yredelemnul

Annotations:
D:5 Ijyb


Message History

The puff of flame hits you!
* * * LOW HITPOINT WARNING * * *
The centaur skeleton misses you. The orc closely misses you.
Something hits you.
* * * LOW HITPOINT WARNING * * *
You hit something but do no damage.
The centaur skeleton closely misses you.
Something hits you but does no damage.
You barely miss something.
The centaur skeleton closely misses you.
The orc hits you but does no damage.
You hear some strange, mumbled words.
A magic dart appears from out of thin air!
The magic dart hits you.
* * * LOW HITPOINT WARNING * * *
It was a potion of magic.
Magic courses through your body. The centaur skeleton hits you.
* * * LOW HITPOINT WARNING * * *
Something barely misses you. The orc misses you. The centaur skeleton hits you.
You die...

## ### #. ..#
#. #.#
##.###.#
#......#
#......######.
#....o@Z......
#....{####.#..
#.....##
#......#
#......#
#......#
#......#
######<###
#.....#


You could see an orc and a centaur skeleton.

Vanquished Creatures
  Sigmund (D:5)
  An ice beast (D:5)
  2 ogres (D:4)
  Blork the orc (D:5)
  A crimson imp (D:5)
  2 jellies
  Jessica (D:3)
  2 worker ants (D:4)
  Robin (D:3)
  3 gnolls (D:5)
  9 adders
  An adder skeleton (D:4)
  2 worms (D:2)
  3 dart slugs
  3 leopard geckos
  6 orcs
  3 giant cockroaches
  17 goblins
  11 hobgoblins
  9 kobolds
  2 quokkas
  6 bats
  A quokka skeleton (D:4)
  15 rats
103 creatures vanquished.

Notes
Turn   | Place    | Note
-------+----------+-------------------------------------------
     0 | D:1      | Iflex the Merfolk Gladiator began the quest for the Orb.
     0 | D:1      | Reached XP level 1. HP: 16/16 MP: 1/1
   496 | D:1      | Reached XP level 2. HP: 22/22 MP: 2/2
   579 | D:1      | Reached skill level 5 in Polearms
   971 | D:1      | Reached XP level 3. HP: 28/28 MP: 3/3
  1756 | D:2      | Reached skill level 6 in Polearms
  1939 | D:2      | Reached XP level 4. HP: 34/34 MP: 4/4
  2495 | D:3      | Noticed Jessica
  2500 | D:3      | Killed Jessica
  2614 | D:3      | Reached skill level 7 in Polearms
  2614 | D:3      | Reached XP level 5. HP: 39/39 MP: 5/5
  2681 | D:3      | Noticed Robin
  3177 | D:3      | Found a basalt altar of Yredelemnul.
  3230 | D:3      | Found a white marble altar of Elyvilon.
  3391 | D:3      | Reached skill level 1 in Armour
  3395 | D:3      | Killed Robin
  3724 | D:4      | Noticed an ogre
  3875 | D:4      | Reached skill level 8 in Polearms
  3875 | D:4      | Reached XP level 6. HP: 39/46 MP: 6/6
  4167 | D:4      | Found an iron altar of Okawaru.
  4206 | D:4      | Found a staircase to the Ecumenical Temple.
  4273 | D:4      | Reached skill level 9 in Polearms
  4273 | D:4      | Reached XP level 7. HP: 52/52 MP: 7/7
  4520 | D:5      | Entered Level 5 of the Dungeon
  4529 | D:5      | Noticed Sigmund
  4999 | D:5      | Noticed Ijyb
  5124 | D:5      | Reached skill level 5 in Dodging
  5365 | D:5      | Killed Sigmund
  5365 | D:5      | Reached skill level 10 in Polearms
  5438 | D:5      | Noticed Blork the orc
  5457 | D:5      | Killed Blork the orc
  5457 | D:5      | Reached XP level 8. HP: 38/58 MP: 8/8
  5707 | D:6      | HP: 1/58 [something/magic dart (4)]
  5708 | D:6      | Slain by a centaur skeleton

Skill      XL: |  1  2  3  4  5  6  7 |
---------------+----------------------+-----
Polearms       | 5 6 7 8 9 10 | 10.7
Armour         | 1 2 |  2.2
Fighting       | 3 |  3.3
Dodging        | 5 |  5.3
Throwing       | 3 |  3.0
Evocations     | |  0.4

Action                   |  1- 3 |  4- 6 |  7- 9 || total
-------------------------+-------+-------+-------++-------
Melee: Trident           |   101 |   183 |    70 ||   354
Throw: Tomahawk          |       |    11 |     8 ||    19
       Throwing net      |       |     1 |     5 ||     6
Evoke: Wand              |       |       |     6 ||     6
  Use: Scroll            |       |     4 |     5 ||     9
       Potion            |       |     1 |     1 ||     2
 Stab: Sleeping          |     2 |     2 |     2 ||     6
       Distracted        |       |     1 |       ||     1
       Held in net/web   |       |     1 |     1 ||     2
  Eat: Ration            |     1 |       |     1 ||     2
       Chunk             |       |     7 |     1 ||     8
Armor: Leather armour    |    12 |    37 |     9 ||    58
Dodge: Dodged            |    50 |   124 |    43 ||   217
